 Dungeon Crawl Stone Soup version 0.22-a0-351-g29664b4 (webtiles) character file.

169 khargal the Sneak (level 5, 0/35 HPs)
             Began as an Octopode Assassin on Apr 12, 2018.
             Slain by a gnoll
             ... wielding a +0 whip
              (4 damage)
             ... on level 3 of the Dungeon.
             The game lasted 00:05:43 (2678 turns).

khargal the Sneak (Octopode Assassin)               Turns: 2678, Time: 00:05:45

Health: 0/35       AC:  1    Str: 11    XL:     5   Next: 50%
Magic:  5/5        EV: 13    Int: 13    God:
Gold:   51         SH:  0    Dex: 14    Spells: 4/4 levels left

rFire    . . .     SeeInvis .   a - +2 dagger
rCold    . . .     Gourm    .   (no shield)
rNeg     . . .     Faith    .   (helmet restricted)
rPois    .         Spirit   .   (no amulet)
rElec    .         Reflect  .   (no ring)
rCorr    .         Harm     .   (no ring)
MR       .....                  (no ring)
Stlth    +++++.....             (no ring)
HPRegen  0.11/turn              (no ring)
MPRegen  0.09/turn              (no ring)
                                (no ring)
                                (no ring)

@: no status effects
A: almost no armour, stealthy swim, amphibious, 8 rings, constrict 8, camouflage
1, gelatinous body 1
a: no special abilities


You were on level 3 of the Dungeon.
You were not hungry.

You visited 1 branch of the dungeon, and saw 3 of its levels.

You collected 51 gold pieces.

Inventory:

Hand Weapons
 a - a +2 dagger (weapon)
 b - a +0 blowgun
Missiles
 c - 21 poisoned needles
 d - 2 curare-tipped needles
Scrolls
 i - a scroll of teleportation
Potions
 e - a potion of curing
 l - a potion of heal wounds
 m - 2 potions of flight {unknown}
Comestibles
 f - 4 rations
 g - 5 chunks of flesh


   Skills:
 + Level 2.7 Fighting
 + Level 3.0 Short Blades
 - Level 2.0 Throwing
 + Level 1.4 Dodging
 + Level 7.8 Stealth


You had 4 spell levels left.
You didn't know any spells.

Dungeon Overview and Level Annotations

Branches:
Dungeon (3/15)

Altars:
Xom


Innate Abilities, Weirdness & Mutations

You cannot wear most types of armour.
You are very stealthy in the water. (Stealth+)
You are amphibious.
You can wear up to eight rings at the same time.
You can use your tentacles to constrict eight enemies at once.
Your skin changes colour to match your surroundings (Stealth+).
Your rubbery body absorbs attacks. (AC +1, EV +1)


Message History

You hit the gnoll but do no damage.
You kill the gnoll!
Your Short Blades skill increases to level 3!
You hit the ball python.
You kill the ball python!
You hit the gnoll. You grab the gnoll.
The gnoll is moderately wounded.
You constrict the gnoll.
The gnoll hits you from afar with a spear!
The gnoll hits you with a whip.
You are too injured to fight recklessly!
You are too injured to fight recklessly!
You are too injured to fight recklessly!
You hit the gnoll. You squeeze the gnoll.
The gnoll is severely wounded.
You constrict the gnoll.
The gnoll hits you from afar with a spear!
* * * LOW HITPOINT WARNING * * *
The gnoll hits you with a whip.
You die...

##....# #⌠.⌠... #...#.#
#⌠.... .⌠ #...#.# #⌠...# ..⌠
##.#.#.# #⌠...##...⌠
#..#.#.## #⌠........⌠
..##.#..## #⌠.⌠....⌠.⌠
......... #gg.......⌠
.###..## # ###gs⌠⌠⌠⌠⌠⌠⌠.
.).)#.######..#.@##########+#
..#...................####..#
..###.<#####...............#
..# ##.# #...###.........#
..# #.# ....## #.#####.#..#
.## #..#.### ### # .> ..#
..... .)# ........
..##........#


You could see 3 gnolls and a giant cockroach.

Vanquished Creatures
  2 orc wizards
  A gnoll (D:3)
  4 adders
  A worm (D:2)
  4 dart slugs
  A leopard gecko (D:2)
  3 orcs (D:2)
  2 ball pythons
  7 giant cockroaches
  10 hobgoblins
  5 kobolds
  A quokka (D:3)
  5 bats
  7 frilled lizards
  2 goblins (D:1)
  3 rats
58 creatures vanquished.

Notes
Turn   | Place    | Note
-------+----------+-------------------------------------------
     0 | D:1      | khargal the Octopode Assassin began the quest for the Orb.
     0 | D:1      | Reached XP level 1. HP: 14/14 MP: 1/1
   275 | D:1      | Reached XP level 2. HP: 19/19 MP: 2/2
   334 | D:1      | Reached skill level 6 in Stealth
   460 | D:1      | Reached XP level 3. HP: 15/24 MP: 3/3
   989 | D:2      | Found a shimmering altar of Xom.
   991 | D:2      | Found a shimmering altar of Xom.
   991 | D:2      | Found a shimmering altar of Xom.
   992 | D:2      | Found a shimmering altar of Xom.
   992 | D:2      | Found a shimmering altar of Xom.
   992 | D:2      | Found a shimmering altar of Xom.
   993 | D:2      | Found a shimmering altar of Xom.
  1537 | D:3      | Reached skill level 7 in Stealth
  1537 | D:3      | Reached XP level 4. HP: 29/29 MP: 4/4
  2241 | D:2      | Reached XP level 5. HP: 21/35 MP: 5/5
  2678 | D:3      | Slain by a gnoll

Vault maps used:
D:1:      dpeg_arrival_chase
D:2:      xom_redecorated
D:3:      minmay_wonky_spiral, tgw_trog, first_ration, kennysheep_pointless_box

Skill      XL: |  1  2  3  4  5 |
---------------+----------------+-----
Stealth        | 6 7 |  7.8
Short Blades   | 3 |  3.0
Fighting       | |  2.7
Throwing       | |  2.0
Dodging        | |  1.4

Action                   |  1- 3 |  4- 6 || total
-------------------------+-------+-------++-------
Melee: Dagger            |    63 |    47 ||   110
       Tentacles         |    11 |    12 ||    23
       Constrict         |    14 |    14 ||    28
  Use: Scroll            |       |     5 ||     5
 Stab: Sleeping          |    12 |     4 ||    16
  Eat: Chunk             |     1 |     4 ||     5
Armor: Skin              |     3 |     2 ||     5
Dodge: Dodged            |    26 |    41 ||    67

Table legend:
 A = Spawn XP
 B = Non-spawn XP
 C = Spawn XP percentage of total XP
 D = Spawn monster count
 E = Non-spawn monster count
 F = Spawn count percentage of total count
 G = Total turns spent on level
                    A         B        C        D         E        F      G
               +---------+---------+-------+---------+---------+-------+---------
         Total |       0 |     242 |   0.0 |       0 |      58 |   0.0 |  2678
               +---------+---------+-------+---------+---------+-------+---------
           D:1 |       0 |      40 |   0.0 |       0 |      21 |   0.0 |   961
           D:2 |       0 |     111 |   0.0 |       0 |      23 |   0.0 |  1221
           D:3 |       0 |      91 |   0.0 |       0 |      14 |   0.0 |   496
               +---------+---------+-------+---------+---------+-------+---------
